 Dungeon Crawl Stone Soup version 0.30-a0-2-gf48d83f5e2 (webtiles) character file.

Game seed: 1208572768234530952

1 kae the Firebug (level 1, -1/10 HPs)
             Began as a Deep Elf Fire Elementalist on Aug 19, 2022.
             Slain by a jackal (2 damage)
             ... on level 1 of the Dungeon.
             The game lasted 00:00:15 (56 turns).

kae the Firebug (Deep Elf Fire Elementalist)          Turns: 56, Time: 00:00:15

Health: -1/10      AC:  3    Str:  5    XL:     1   Next: 16%
Magic:  3/6        EV: 12    Int: 19    God:
Gold:   5          SH:  0    Dex: 15    Spells: 5/6 levels left

rFire   . . .      SeeInvis .    d - +0 short sword
rCold   . . .      Faith    .    (no shield)
rNeg    . . .      Spirit   .    a - +0 robe
rPois   .          Reflect  .    (no helmet)
rElec   .          Harm     .    (no cloak)
rCorr   .          Rampage  .    c - +0 pair of gloves
Will    .....                    (no boots)
Stlth   ++........               (no amulet)
HPRegen 0.03/turn                (no ring)
MPRegen 0.10/turn                (no ring)

@: no status effects
A: no striking features
a: no special abilities


You were on level 1 of the Dungeon.
You visited 1 branch of the dungeon, and saw 1 of its levels.

You collected 5 gold pieces.


   Skills:
 + Level 0.0 Fighting
 + Level 2.4 Dodging
 - Level 2.4 Stealth
 + Level 3.0 Spellcasting
 * Level 1.1 Conjurations
 * Level 3.3 Fire Magic


You had 5 spell levels left.
You knew the following spells:

 Your Spells              Type           Power      Damage    Failure   Level
a - Foxfire               Conj/Fire      44%        2x1d6     6%          1

Your spell library contained the following spells:

 Spells                   Type           Power      Damage    Failure   Level
 Scorch                   Fire           30%        2d7       6%          2
 Summon Small Mammal      Summ           8%         N/A       16%         1
 Conjure Flame            Conj/Fire      11%        6-21      19%         3
 Inner Flame              Hex/Fire       9%         N/A       22%         3
 Call Canine Familiar     Summ           2%         N/A       41%         3
 Summon Guardian Golem    Hex/Summ       2%         N/A       41%         3
 Flame Wave               Conj/Fire      11%        2d6       52%         4

Inventory:

Hand Weapons
 d - a +0 short sword (weapon)
   (You took it off a kobold on level 1 of the Dungeon)
Armour
 a - a +0 robe (worn)
 c - a +0 pair of gloves (worn)
   (You found it on level 1 of the Dungeon)
Potions
 b - a potion of magic

Dungeon Overview and Level Annotations

Branches:
Dungeon (1/15) Zot: 5943

Altars:

#.# #.# #..# ###. #.#
#..# .... #.# #..# ....
#.# #l.# .... #.###..#
....########..##h.#
.#.........#.#.#hB######
#.#....#.#..###h@h......
#.##..#....#.#.#########
..ยง#..#....#..#
...#..#..#.#..#
......###.....#
.<.#......##..#
...#.......#..#
###........#..#
#.........# #


You could see 4 jackals, a giant cockroach and a frilled lizard.


Message History

They say the Orb of Zot lies within this dungeon, but they say a lot of things.
Press ? for a list of commands and other information.
Found a book of Callings.
Found a staircase leading out of the dungeon.
You pick up a book of Callings and begin reading...
You add the spells Summon Small Mammal, Call Canine Familiar and Summon Guardian Golem to your library.
A kobold comes into view. It is wielding a +0 short sword.
Found 5 gold pieces, a pair of gloves and a scroll labelled EPRUON KUBEA.
Found a stone staircase leading down.
A kobold is nearby!
A kobold is nearby!
The kobold shouts!
Casting: Foxfire (safe; 6% risk of failure)
Confirm with . or Enter, or press ? or * to list all spells.
You conjure some foxfire!
The foxfire hits the kobold.
You kill the kobold! ๐Ÿ˜Ž MP[-1]
You lost 1 mp, and now have 5/6 mp.
Casting: Foxfire (safe; 6% risk of failure)
Confirm with . or Enter, or press ? or * to list all spells.
You conjure some foxfire! ๐Ÿ˜Ž MP[-1]
You lost 1 mp, and now have 4/6 mp.
You now have 5 gold pieces.
You see here a +0 pair of gloves. ๐Ÿ˜Ž MP[+1]
c - a +0 pair of gloves You start putting on your armour.
You continue putting on your +0 pair of gloves. x4
You finish putting on your +0 pair of gloves. ๐Ÿ˜Ž MP[+1]
Your mp is fully restored (6).
You see here a +0 short sword.
d - a +0 short sword
d - a +0 short sword (weapon)
e - a scroll labelled EPRUON KUBEA A jackal and a giant cockroach come into view.
There are monsters nearby!
There are monsters nearby!
The jackal barks!
You hear a bark!
A jackal comes into view.
The giant cockroach misses you.
A jackal comes into view.
Casting: Foxfire (safe; 6% risk of failure)
Confirm with . or Enter, or press ? or * to list all spells.
You conjure some foxfire!
The jackal barks!
You hear an angry hiss.
The giant cockroach closely misses you.
The giant cockroach bites you but does no damage.
The foxfire hits the giant cockroach but does no damage. x2
The giant cockroach bites you but does no damage. ๐Ÿ˜Ž MP[-1]
You lost 1 mp, and now have 5/6 mp.
Casting: Foxfire (safe; 6% risk of failure)
Confirm with . or Enter, or press ? or * to list all spells.
You conjure some foxfire!
The giant cockroach closely misses you.
The foxfire hits the jackal.
A jackal comes into view.
The foxfire hits the jackal but does no damage.
The giant cockroach bites you but does no damage. ๐Ÿ˜Ž MP[-1]
You lost 1 mp, and now have 4/6 mp.
Casting: Foxfire (safe; 6% risk of failure)
Confirm with . or Enter, or press ? or * to list all spells.
You conjure some foxfire!
The jackal bites you but does no damage.
The jackal barely misses you. The giant cockroach barely misses you.
The jackal closely misses you. The jackal misses you.
The foxfire hits the jackal but does no damage.
The giant cockroach barely misses you. The jackal completely misses you.
A frilled lizard comes into view.
The giant cockroach bites you. ๐Ÿ˜• HP[-2] MP[-1]
You take 2 damage, and now have 8/10 hp.
You lost 1 mp, and now have 3/6 mp.
You closely miss the jackal. The jackal barely misses you.
The jackal bites you. The giant cockroach bites you.
The jackal barely misses you. x3 ๐Ÿ˜ฎ HP[-2]
You take 2 damage, and now have 6/10 hp.
The frilled lizard hisses angrily.
You hit the jackal. The jackal barely misses you. The jackal bites you.
* * * LOW HITPOINT WARNING * * *
The giant cockroach closely misses you.
The jackal closely misses you. ๐Ÿ˜จ HP[-3]
You take 3 damage, and now have 3/10 hp.
MASSIVE DAMAGE!! (PAUSE)
Okay, then.
As you read the scroll labelled EPRUON KUBEA, it crumbles to dust.
It is a scroll of identify.
You don't have any unidentified items.
The jackal bites you.
* * * LOW HITPOINT WARNING * * *
The jackal barely misses you. The jackal closely misses you.
The giant cockroach closely misses you. The jackal misses you.
The jackal bites you.
* * * LOW HITPOINT WARNING * * *
The jackal bites you.
You die...

Action                   || total
-------------------------++-------
Melee: Short sword       ||     2
 Cast: Foxfire           ||     5
  Use: Scroll            ||     1
Armor: Robe              ||     4
Dodge: Dodged            ||    20

Levels and vault maps discovered:
D:1:      erik_arrival_blinker_ship, layout_loops_ring

Notes
Turn   | Place    | Note
-------+----------+-------------------------------------------
     0 | D:1      | kae the Deep Elf Fire Elementalist began the quest for the
                  | Orb.
     0 | D:1      | Reached XP level 1. HP: 10/10 MP: 6/6
     0 | D:1      | magus.rc [v1.11.3]
     1 | D:1      | You pick up a book of Callings and begin reading...
     1 | D:1      | You add the spells Summon Small Mammal, Call Canine
                  | Familiar and Summon Guardian Golem to your library.
    56 | D:1      | HP: 2/10 [jackal (1)]
    56 | D:1      | Slain by a jackal

Vanquished Creatures
  A kobold (D:1)
1 creature vanquished.

Vanquished Creatures (others)
  6 foxfires (D:1)
6 creatures vanquished.

Grand Total: 7 creatures vanquished

Table legend:
 A = Non-vault XP
 B = Vault XP
 C = Vault XP percentage of total XP
 D = Non-vault monster count
 E = Vault monster count
 F = Vault count percentage of total count
                 A         B        C        D         E       F
            +---------+---------+-------+---------+---------+-------
      Total |       2 |       0 |   0.0 |       1 |       0 |   0.0
            +---------+---------+-------+---------+---------+-------
        D:1 |       2 |       0 |   0.0 |       1 |       0 |   0.0
            +---------+---------+-------+---------+---------+-------

Illustrated notes

Table legend:
 A = Kills in this place as a percentage of kills in entire the game.
 B = Kills by you in this place as a percentage of kills by you in the entire game.
 C = Kills by friends in this place as a percentage of kills by friends in the entire game.
 D = Other kills in this place as a percentage of other kills in the entire game.
 E = Experience gained in this place as a percentage of experience gained in the entire game.
 F = Experience gained in this place divided by the number of levels of this place that you have seen.
                   A       B       C       D       E      F
               +-------+-------+-------+-------+-------+----------------------
         Total | 100.0 | 100.0 |   N/A |   N/A | 100.0 |   2.0
       Dungeon | 100.0 | 100.0 |   N/A |   N/A | 100.0 |   2.0
               +-------+-------+-------+-------+-------+----------------------

Table legend: (Time is in decaauts)
 A = Elapsed time spent in this place.
 B = Non-inter-level travel time spent in this place.
 C = Inter-level travel time spent in this place.
 D = Time resting spent in this place.
 E = Time spent auto-exploring this place.
 F = Levels seen in this place.
 G = Mean time per level.
                   A        B        C        D        E       F      G
               +--------+--------+--------+--------+--------+-----+--------+
         Total |     55 |     55 |      0 |      0 |     17 |   1 |   55.0 |
       Dungeon |     55 |     55 |      0 |      0 |     17 |   1 |   55.0 |
               +--------+--------+--------+--------+--------+-----+--------+

Top non-repeatable levels by time:
     D:1: 55 daAuts
